 Dungeon Crawl Stone Soup version 0.25.0-10-g039870ee82 (webtiles) character file.

Game seed: 4548462518431760905

331 Flugkiller the Ducker (level 6, -2/57 HPs)
             Began as a Deep Elf Chaos Knight on June 22, 2020.
             Was a Plaything of Xom.
             Slain by a river rat (6 damage)
             ... on level 3 of the Dungeon.
             The game lasted 00:05:49 (3782 turns).

Flugkiller the Ducker (Deep Elf Chaos Knight)       Turns: 3782, Time: 00:05:49

Health: -2/57      AC: 23    Str:  9    XL:     6   Next: 26%
Magic:  8/8        EV:  2    Int: 17    God:    Xom [.*....]
Gold:   154        SH:  0    Dex: 18    Spells: 5/5 levels left

rFire    . . .     SeeInvis .   a - +0 falchion (chaos)
rCold    . . .     Gourm    .   (no shield)
rNeg     + + +     Faith    .   (armour currently unavailable)
rPois    +         Spirit   .   (helmet currently unavailable)
rElec    .         Reflect  .   (cloak currently unavailable)
rCorr    +         Harm     .   (gloves currently unavailable)
MR       .....     NoTele   +   (boots currently unavailable)
Stlth    +++.......             (no amulet)
HPRegen  0.19/turn              s - +4 ring of evasion
MPRegen  0.11/turn              q - ring of resist corrosion

@: tree-form
A: thin skeletal structure 1, screaming 1
a: Renounce Religion


You were on level 3 of the Dungeon.
You worshipped Xom.
You were a plaything of Xom.
You were not hungry.
You were a tree.
You visited 1 branch of the dungeon, and saw 3 of its levels.

You collected 154 gold pieces.

Inventory:

Hand Weapons
 a - a +0 falchion of chaos (weapon)
 e - a +0 hunting sling
   (You took it off a goblin on level 2 of the Dungeon)
Missiles
 d - 2 throwing nets
 i - 61 stones
 p - 2 poisoned darts (quivered)
Armour
 b - a +2 leather armour (melded)
 g - a +0 pair of gloves (melded)
   (You found it on level 1 of the Dungeon)
 x - a +0 helmet (melded)
   (You found it on level 3 of the Dungeon)
Jewellery
 f - an uncursed ring of flight
   (You found it on level 1 of the Dungeon)
 q - a ring of resist corrosion (right branch)
   (You found it on level 2 of the Dungeon)
 s - a +4 ring of evasion (left branch)
   (You found it on level 2 of the Dungeon)
Scrolls
 h - a scroll of amnesia
 j - a scroll of fog {unknown}
 v - a scroll of magic mapping
 y - a scroll of remove curse
Potions
 l - a potion of haste {unknown}
 m - a potion of brilliance {unknown}
 n - a potion of stabbing {unknown}
 r - a potion of curing {unknown}
 t - a potion of magic {unknown}
 u - 2 potions of degeneration {unknown}
 w - 2 potions of heal wounds {unknown}
 z - 2 potions of resistance {unknown}
 A - a potion of invisibility
Comestibles
 c - 5 rations
 o - 8 chunks of flesh


   Skills:
 - Level 4.0 Fighting
 - Level 4.0 Long Blades
 - Level 0.7 Armour
 + Level 4.4 Dodging
 - Level 3.0 Stealth


You had 5 spell levels left.
You didn't know any spells.
Your spell library contained the following spells:

 Spells                   Type           Power        Failure   Level  Hunger
 Animate Skeleton         Necr           N/A          24%         1    ##.....
 Pain                     Necr           #...         24%         1    ##.....
 Vampiric Draining        Necr           #.........   56%         3    ####...
 Animate Dead             Necr           N/A          93%         4    #####..
 Agony                    Necr           #.......     100%        5    ######.


Dungeon Overview and Level Annotations

Branches:
Dungeon (3/15)

Altars:
Okawaru
Trog
Yredelemnul
The Shining One


Innate Abilities, Weirdness & Mutations

You have a somewhat thin skeletal structure. (Dex +2, Stealth)
You occasionally shout uncontrollably at your foes.


Message History

You escape the ball python's grasp.
The giant cockroach barely misses you.
You riposte.
You hit the giant cockroach but do no damage.
You hit the giant cockroach.
The giant cockroach is poisoned.
The giant cockroach is moderately wounded.
The giant cockroach misses you.
You riposte.
You completely miss the giant cockroach.
The giant cockroach is heavily wounded.
You hit the giant cockroach but do no damage.
The giant cockroach is heavily wounded.
You kill the giant cockroach!
The ball python bites you. The ball python misses you.
You hit the ball python. You freeze the ball python.
You kill the ball python!
You barely miss the ball python. The ball python closely misses you.
The ball python barely misses you. The ball python misses you.
You riposte.
You hit the ball python.
Space bends around the ball python.
You kill the ball python!
The river rat closely misses you.
You riposte.
You hit the river rat but do no damage.
The river rat goes berserk!
Xom is highly amused!
You see here a ball python corpse.
The river rat bites you!
You hit the river rat but do no damage.
The river rat is poisoned.
The river rat bites you!
* * * LOW HITPOINT WARNING * * *
A shower of butterflies erupts from you!
You hit the river rat. You burn the river rat.
The river rat is moderately wounded.
The river rat bites you.
* * * LOW HITPOINT WARNING * * *
The river rat bites you.
* * * LOW HITPOINT WARNING * * *
You swap places.
Unknown command.
The river rat misses your butterfly.
Unknown command.
Unknown command.
You aren't carrying any items that you can evoke.
Really quaff the potion of lignification?
You turn into a tree.
Your +0 helmet melds into your body.
Your +0 pair of gloves melds into your body.
Your +2 leather armour melds into your body.
Your roots penetrate the ground.
The river rat bites you!
* * * LOW HITPOINT WARNING * * *
The river rat bites you but does no damage.
You hit the river rat. You freeze the river rat.
The river rat is heavily wounded.
The river rat bites you.
You die...

#.≈≈≈≈....#
#≈≈≈......#
#.........#
###.#####.#
#......w#
#######.###########
#†##.........
#.###...#...#
#..r♣.b.b....
###r#÷b.#...#
#..÷b......
#.#################
#.###.#..........#.
#....^.............
#####..............
#..............
#..............


You could see a river rat (berserk, poisoned) and a rat.

Vanquished Creatures
  Sigmund (D:2)
  4 gnolls
  4 adders
  A river rat (D:1)
  An ooze (D:2)
  2 worms
  A dart slug (D:1)
  4 leopard geckos
  4 orcs
  6 bats
  2 giant cockroaches
  7 hobgoblins
  5 jackals (D:3)
  9 kobolds
  2 ball pythons (D:3)
  5 frilled lizards
  6 goblins
  7 rats
71 creatures vanquished.

Notes
Turn   | Place    | Note
-------+----------+-------------------------------------------
     0 | D:1      | Flugkiller the Deep Elf Chaos Knight began the quest for
                  | the Orb.
     0 | D:1      | Reached XP level 1. HP: 13/13 MP: 3/3
   329 | D:1      | XOM: smoke on damage
   530 | D:1      | XOM: swap monsters
   548 | D:1      | XOM: chaos upgrade
   619 | D:1      | XOM: noise
   631 | D:1      | Reached XP level 2. HP: 11/18 MP: 4/4
   658 | D:1      | XOM: torment (8/18 hp)
   781 | D:1      | XOM: summons 3 hostile shadow creatures
   786 | D:1      | XOM: smoke on damage
  1021 | D:1      | XOM: give mutations
  1021 | D:1      | Gained mutation: You have a somewhat thin skeletal
                  | structure. (Dex +2, Stealth) [Xom's mischief]
  1021 | D:1      | Gained mutation: Armour fits poorly on your strangely
                  | shaped body. [Xom's mischief]
  1021 | D:1      | Gained mutation: You occasionally shout uncontrollably at
                  | your foes. [Xom's mischief]
  1021 | D:1      | Lost mutation: Armour fits poorly on your strangely shaped
                  | body. [Xom's mischief]
  1190 | D:1      | XOM: polymorph frilled lizard -> river rat
  1193 | D:1      | Reached skill level 1 in Stealth
  1280 | D:2      | Reached XP level 3. HP: 22/22 MP: 5/5
  1305 | D:2      | Found an iron altar of Okawaru.
  1627 | D:2      | XOM: silly message
  1917 | D:2      | XOM: 2-stop teleportation journey
  2012 | D:2      | Noticed Sigmund
  2053 | D:2      | XOM: confuse monster(s)
  2406 | D:2      | Reached XP level 4. HP: 22/27 MP: 6/6
  2509 | D:2      | XOM: divination: magic mapping
  2521 | D:2      | Killed Sigmund
  2521 | D:2      | Reached XP level 5. HP: 22/32 MP: 7/7
  2673 | D:2      | Found a basalt altar of Yredelemnul.
  2675 | D:2      | Noticed a profane servitor
  2707 | D:2      | Found a glowing golden altar of the Shining One.
  2709 | D:2      | Noticed an angel
  2907 | D:2      | Found a bloodstained altar of Trog.
  2973 | D:2      | XOM: divination: detect items
  3390 | D:3      | Reached XP level 6. HP: 34/38 MP: 8/8
  3776 | D:3      | XOM: butterfly on damage
  3782 | D:3      | Slain by a river rat

Illustrated notes

Levels and vault maps discovered:
D:1:      lemuel_arrival_broad_hall, layout_basic
D:2:      layout_loops_ring, grunt_temple_overflow_holy_war, okawaru_gym_becter,
          lightli_temple_of_fire, first_ration, chequers_arboretum,
          guppyfry_early_lair_pool, uniq_sigmund
D:3:      layout_rooms, lemuel_coloured_pillars_altar, portal_sewer_entry_e

Skill      XL: |  1  2  3  4  5  6 |
---------------+-------------------+-----
Dodging        | 3 4 |  4.4
Stealth        | 1 3 |  3.0
Fighting       | 3 4 |  4.0
Long Blades    | 3 4 |  4.0
Armour         | |  0.7

Action                   |  1- 3 |  4- 6 || total
-------------------------+-------+-------++-------
Melee: Falchion          |   118 |   109 ||   227
 Fire: Hunting sling     |    12 |     2 ||    14
Throw: Dart              |       |     2 ||     2
  Use: Scroll            |     7 |       ||     7
       Potion            |     1 |     2 ||     3
 Stab: Sleeping          |     2 |     9 ||    11
       Petrifying        |     2 |       ||     2
       Confused          |     1 |       ||     1
       Invisible         |       |     3 ||     3
       Paralysed         |       |     2 ||     2
  Eat: Chunk             |     5 |     4 ||     9
Armor: Leather armour    |    49 |    29 ||    78
       Skin              |     9 |     1 ||    10
Dodge: Dodged            |   107 |    89 ||   196
       Rpst.: Falchion   |    30 |    33 ||    63
